Map: New Repugnancy LE

Players

PengWin - Winner!

  • Race: Zerg Zerg
  • Spawn Location: 1:00

JEROS

  • Race: Terran Terran
  • Spawn Location: 7:00

Event: 2019 WCS Summer

VOD

Have the link to the VOD?

Description

Time

  • Played on: July 12, 2019, 7:11 a.m.
  • Length: 15:31

All games in this series

Show
View Real Time Build Order
Export as new Build Order

PengWin Zerg - Winner!

Build Orders: Pool First, Muta Ling Bane 

Get SALT Encoding   

  12  0:01  Drone  
  13  0:13  Overlord  
  13  0:17  Drone  
  14  0:31  Drone x2  
  14  0:35  Drone  
  17  0:45  Spawning Pool  
  17  0:49  Drone  
  17  1:08  Hatchery  
  16  1:16  Drone x2  
  18  1:18  Extractor  
  18  1:19  Drone  
  18  1:36  Zergling x2, Queen  
  21  1:40  Zergling x2  
  22  1:49  Overlord  
  22  2:11  Queen  
  24  2:15  Drone  
  24  2:16  Drone  
  24  2:19  Queen  
  24  2:21  Drone  
  28  2:31  Drone x2  
  28  2:36  Drone  
  31  2:39  Metabolic Boost  
  31  2:42  Drone  
  32  2:50  Drone x2  
  32  2:51  Drone, Overlord  
  35  2:58  Drone  
  36  3:12  Lair  
  36  3:15  Drone  
  36  3:16  Extractor  
  36  3:18  Drone x2  
  36  3:19  Drone  
  39  3:21  Drone x2  
  39  3:22  Drone  
  39  3:24  Queen, Overlord  
  44  3:31  Overlord  
  44  3:40  Baneling Nest  
  43  3:42  Drone x2, Spine Crawler  
  43  3:43  Drone  
  43  3:45  Extractor  
  44  3:53  Spore Crawler  
  43  3:56  Spore Crawler  
  42  4:05  Drone x8  
  50  4:15  Spire  
  49  4:17  Zergling x4  
  51  4:26  Baneling x2  
  51  4:28  Zergling x2  
  51  4:29  Zergling x8  
  56  4:34  Zergling x4  
  56  4:36  Baneling x4  
  57  4:51  Drone x5  
  55  5:00  Extractor  
  54  5:11  Hatchery  
  53  5:24  Evolution Chamber x2  
  53  5:26  Zergling x14  
  58  5:50  Overlord x3  
  58  5:51  Centrifical Hooks, Zerg Ground Armor Level 1, Zerg Melee Weapons Level 1  
  58  5:53  Zerg Flyer Weapons Level 1, Overlord  
  58  5:56  Zergling x2  
  59  6:17  Mutalisk x5  
  69  6:22  Drone x3  
  69  6:23  Drone x4, Queen  
  78  6:36  Drone x4  
  80  6:47  Mutalisk x3  
  80  6:53  Drone x3  
  89  6:56  Extractor  
  89  6:57  Extractor  
  89  6:59  Overlord  
  87  7:02  Drone x3  
  87  7:03  Drone x2  
  92  7:28  Hatchery  
  92  7:29  Mutalisk x5  
  101  7:32  Drone x4, Overlord x2  
  101  7:55  Zergling x18  
  110  7:58  Baneling x2  
  110  7:59  Baneling x8  
  110  8:09  Zergling x14  
  111  8:37  Infestation Pit, Drone x3  
  111  8:38  Drone x2  
  111  8:41  Drone x10  
  125  8:53  Overlord x3  
  125  8:55  Burrow  
  124  9:03  Mutalisk x2  
  128  9:23  Mutalisk x3  
  128  9:24  Mutalisk x3  
  126  9:35  Zergling x14  
  126  9:36  Zergling x14  
  137  9:41  Baneling x9  
  84  10:33  Hatchery  
  81  11:03  Drone x17  
  81  11:04  Baneling x17  
  79  11:06  Hatchery  
  76  11:38  Drone x10  
  76  11:55  Drone  
  76  12:02  Drone  
  76  12:09  Hatchery  
  75  12:16  Spawning Pool  
  75  12:19  Overlord  
  75  12:20  Overlord x6  
  75  12:22  Baneling  
  64  12:48  Baneling x8  
  64  12:49  Baneling  
  64  12:57  Drone x4  
  64  12:58  Drone x8  
  46  13:17  Drone x13  
  46  13:27  Drone x3  
  46  13:29  Queen  
  46  13:30  Zergling x2  
  49  13:38  Queen  
  50  13:42  Zergling x4  
  50  13:43  Hatchery  
  50  13:44  Zergling x2  
  52  14:04  Drone x2  
  52  14:05  Baneling Nest  
  53  14:12  Drone  
  53  14:13  Drone x2  
  53  14:16  Lair  
  56  14:17  Extractor  
  56  14:18  Drone, Extractor  
  56  14:21  Extractor x2  
  53  14:26  Zergling x2  
  54  14:45  Zergling x2  
  55  14:47  Zergling x10  
  60  14:58  Baneling x5  
  60  15:02  Drone x3  
  60  15:04  Drone  
  66  15:08  Baneling x2, Drone x2  
  66  15:09  Baneling  
Show
View Real Time Build Order
Export as new Build Order

JEROS Terran 

Build Orders: Liberator Opening, Reaper Expand 

Get SALT Encoding   

  12  0:00  SCV  
  13  0:12  SCV  
  14  0:17  Supply Depot  
  14  0:24  SCV  
  15  0:38  SCV  
  15  0:39  Barracks  
  16  0:44  Refinery  
  16  0:50  SCV  
  17  1:02  SCV  
  18  1:14  SCV  
  19  1:26  Reaper  
  19  1:27  Orbital Command  
  20  1:40  Command Center  
  20  1:47  Supply Depot  
  20  1:52  SCV  
  21  1:58  Marine  
  22  2:04  SCV  
  23  2:11  Factory  
  23  2:14  Refinery  
  22  2:18  SCV  
  22  2:20  Barracks Reactor  
  23  2:32  SCV  
  24  2:44  SCV  
  25  2:53  Orbital Command  
  25  2:56  SCV  
  26  2:58  Starport  
  26  3:04  Barracks Tech Lab, Hellion x2  
  30  3:08  SCV  
  31  3:19  SCV  
  32  3:20  SCV  
  32  3:25  Hellion x2  
  37  3:32  SCV  
  37  3:33  SCV  
  39  3:36  Medivac  
  39  3:38  Concussive Shells, Marauder  
  43  3:46  Armory  
  43  3:47  Supply Depot  
  43  3:51  Hellion  
  45  3:59  Liberator  
  45  4:00  Supply Depot  
  45  4:03  Hellion  
  47  4:10  SCV  
  47  4:11  SCV  
  47  4:12  Hellion  
  54  4:23  SCV x2, Supply Depot  
  56  4:24  Hellion  
  58  4:35  SCV x2  
  58  4:37  Hellion  
  59  4:47  Stimpack, SCV  
  59  4:52  Engineering Bay, SCV  
  48  5:03  Starport Reactor  
  48  5:06  Barracks, SCV x2  
  48  5:08  Barracks  
  48  5:10  Factory Tech Lab  
  48  5:14  Supply Depot  
  48  5:18  SCV x2  
  48  5:19  Missile Turret  
  50  5:22  Missile Turret  
  50  5:30  SCV  
  50  5:31  SCV  
  50  5:35  Siege Tank, Marine  
  56  5:37  Supply Depot  
  56  5:38  Engineering Bay  
  56  5:41  Hellion x3  
  56  5:48  Command Center  
  56  5:51  Starport Reactor  
  56  5:52  Marine  
  57  5:59  Barracks  
  57  6:00  Barracks  
  57  6:01  Refinery  
  57  6:02  Refinery  
  57  6:07  Terran Infantry Weapons Level 1, Terran Infantry Armor Level 1  
  57  6:10  Marine x3  
  57  6:11  SCV  
  61  6:12  Marine  
  61  6:14  Marine  
  61  6:16  SCV  
  64  6:23  SCV  
  65  6:26  Siege Tank  
  65  6:27  Marine x2  
  65  6:28  Marine, SCV  
  65  6:30  Marine  
  73  6:35  Supply Depot  
  73  6:38  Marine  
  74  6:45  Marine x2  
  74  6:46  Marine  
  71  6:47  Combat Shield  
  71  6:48  Barracks Reactor  
  71  6:49  Barracks Reactor, SCV x2  
  73  6:54  Supply Depot  
  73  6:55  Supply Depot  
  73  6:57  Marine x2  
  75  7:04  SCV x2  
  75  7:07  Marine x3  
  80  7:15  Medivac x2  
  83  7:16  SCV  
  83  7:17  SCV  
  83  7:18  Siege Tank  
  83  7:22  Marine x2  
  90  7:25  Marine  
  90  7:29  Orbital Command, Missile Turret  
  91  7:31  SCV  
  91  7:34  SCV  
  93  7:38  Marine x3  
  93  7:43  SCV  
  97  7:45  Medivac x2  
  97  7:46  SCV  
  97  7:49  Marine x3  
  97  7:50  Marine  
  103  7:55  SCV  
  102  7:58  SCV x2  
  102  7:59  Supply Depot  
  102  8:00  Supply Depot  
  102  8:01  Marine x3  
  102  8:02  Marine  
  108  8:08  SCV  
  108  8:10  Marine  
  108  8:11  Siege Tank, Marine x3  
  108  8:12  Marine  
  117  8:15  SCV x2  
  117  8:19  Marine  
  120  8:22  Marine x3  
  120  8:24  Terran Infantry Weapons Level 2  
  123  8:28  Marine  
  114  8:38  SCV  
  114  8:39  SCV x2  
  117  8:42  Marine x3, Command Center  
  117  8:43  Refinery, Factory  
  117  8:44  Marine x2  
  122  8:51  Marine, Supply Depot  
  122  8:52  Marine x3  
  122  8:55  Drilling Claws, Widow Mine  
  128  9:00  Marine  
  129  9:03  Medivac x2  
  129  9:04  Marine x2  
  129  9:05  Marine x2  
  129  9:09  Marine x2  
  138  9:10  Marine  
  138  9:12  Marine  
  141  9:17  Supply Depot  
  141  9:18  Marine  
  141  9:20  Supply Depot  
  141  9:22  Marine x2  
  135  9:24  Marine x2  
  135  9:25  Siege Tank  
  135  9:27  Marine  
  137  9:33  Marine x3  
  137  9:36  Marine  
  112  9:40  Marine x2, Widow Mine  
  112  9:42  Marine x2  
  112  9:45  Marine  
  119  9:51  Marine x3  
  122  9:53  Marine  
  122  9:57  Widow Mine  
  122  9:58  Marine x2  
  127  10:00  Marine x2, Medivac  
  127  10:03  Marine  
  122  10:09  Marine x3  
  122  10:11  Marine  
  109  10:15  Marine  
  109  10:16  Marine  
  109  10:17  Marine  
  109  10:18  Marine  
  109  10:20  Marine  
  101  10:25  Widow Mine  
  101  10:27  Marine x3  
  86  10:29  Marine  
  86  10:33  Marine x2  
  87  10:41  Marine x2  
  87  10:42  Marine  
  80  11:03  Marine x3  
  80  11:40  Supply Depot  
  80  11:41  Supply Depot  
  78  12:42  Supply Depot  
  78  12:45  Supply Depot  
  78  12:52  Supply Depot  
  78  13:04  Marine x7  
  38  13:21  Marine x2  
  38  13:22  Marine  
  34  13:31  Orbital Command  
  31  13:45  Missile Turret  
  31  14:06  Marine  
  32  14:15  Marine x2  
  34  14:21  Marine  
  35  14:24  Marine  
  34  14:32  Marine x2  
  34  14:33  Marine  
  37  14:47  Marine x3  
  37  14:50  Marine  
  40  14:54  Medivac  
  42  15:00  Marine  
  42  15:05  Marine  
  42  15:06  Marine  
  45  15:09  Marine  
Tags
 
Add a new tag
Caveats
  • Supply blocks, unpowered buildings, or Contaminate may cause inaccurate times.
  • Supply counts are checked every 10 seconds.